 Dungeon Crawl Stone Soup version 0.27.0-1-g7a089689b8 (webtiles) character file.

Game seed: 2401540786705516662

74 Dann the Gusty (level 3, -8/26 HPs)
             Began as a Demigod Air Elementalist on Aug 9, 2021.
             Mangled by Sigmund (16 damage)
             ... on level 2 of the Dungeon.
             The game lasted 00:09:16 (2949 turns).

Dann the Gusty (Demigod Air Elementalist)           Turns: 2949, Time: 00:09:18

Health: -8/26      AC:  2    Str:  9    XL:     3   Next: 85%
Magic:  3/9        EV: 12    Int: 21    God:
Gold:   55         SH:  0    Dex: 14    Spells: 4/7 levels left

rFire    . . .     SeeInvis .   c - +2 short sword (drain)
rCold    . . .     Faith    .   (no shield)
rNeg     . . .     Spirit   .   a - +0 robe
rPois    .         Reflect  .   (no helmet)
rElec    .         Harm     .   (no cloak)
rCorr    .         Rampage  .   (no gloves)
Will     .....                  (no boots)
Stlth    ++........             (no amulet)
HPRegen  0.08/turn              (no ring)
MPRegen  0.11/turn              (no ring)

@: very slightly contaminated
A: high mp 1, forlorn
a: no special abilities


You were on level 2 of the Dungeon.
You visited 1 branch of the dungeon, and saw 2 of its levels.

You collected 55 gold pieces.

Inventory:

Hand Weapons
 c - a +2 short sword of draining (weapon)
Armour
 a - a +0 robe (worn)
Scrolls
 b - a scroll of blinking {unknown}
 d - 2 scrolls of identify {unknown}
 e - a scroll of immolation {unknown}
 h - 2 scrolls of teleportation {unknown}
Potions
 f - a potion of cancellation {unknown}
 g - 2 potions of curing {unknown}


   Skills:
 + Level 0.2 Fighting
 + Level 0.1 Short Blades
 + Level 2.2 Dodging
 + Level 2.0 Stealth
 + Level 2.6 Spellcasting
 + Level 1.6 Conjurations
 + Level 3.1 Air Magic


You had 4 spell levels left.
You knew the following spells:

 Your Spells              Type           Power      Damage    Failure   Level
a - Shock                 Conj/Air       48%        1d6       5%          1
b - Static Discharge      Conj/Air       12%        N/A       8%          2

Your spell library contained the following spells:

 Spells                   Type           Power      Damage    Failure   Level
 Swiftness                Air            16%        N/A       12%         3
 Airstrike                Air            8%         N/A       36%         4


Dungeon Overview and Level Annotations

Branches:
Dungeon (2/15)

Annotations:
D:1 Terence
D:2 Sigmund


Innate Abilities, Weirdness & Mutations

Your attributes grow dramatically as you level up.
You have an increased reservoir of magic. (+10% MP)
You shall have no god before yourself.


Message History

There is a stone staircase leading down here.
You start resting.
HP restored.
You climb downwards.
Level annotation: Sigmund
There is a stone staircase leading up, spattered with blood here.
Sigmund shouts!
Sigmund points at you and mumbles some strange words.
You are confused.
You bump into the rock wall.
Sigmund closely misses you.
You're too confused to cast spells.
Sigmund hits you with a +2 scythe of protection.
You're too confused to cast spells.
Sigmund barely misses you. Sigmund casts a spell at you.
You resist with some effort.
You're too confused to cast spells.
You bump into the rock wall.
You feel less confused.
Sigmund points at you and mumbles some strange words.
The puff of flame hits you!
Casting: Static Discharge (safe; 8% risk of failure)
Confirm with . or Enter, or press ? or * to list all spells.
Sigmund is struck by an arc of lightning.
Sigmund is lightly wounded.
You are struck by an arc of lightning.
The lightning grounds out.
Sigmund barely misses you.
Casting: Static Discharge (safe; 8% risk of failure)
Confirm with . or Enter, or press ? or * to list all spells.
You miscast Static Discharge.
You are very lightly contaminated with residual magic.
Nothing appears to happen.
Sigmund closely misses you.
Casting: Static Discharge (safe; 8% risk of failure)
Confirm with . or Enter, or press ? or * to list all spells.
Sigmund is struck by an arc of lightning.
Sigmund is moderately wounded.
You are struck by an arc of lightning.
The lightning grounds out.
Sigmund hits you with a +2 scythe of protection!
Ouch! That really hurt!
You die...

......# ..g.g.g
####### ###### ..
# ....#####... #
##.......... #
#....!...... #
#.?.# # ##.@# # #
##@# ...
###.#####..#
#..........#
###.....######
##.#.#...# #.#
#P.#.#...#######.#
#P.#.#............
#P.#.##..#######.#
#.P#.##..#...###.#
####


You could see Sigmund.

Vanquished Creatures
  2 gnolls (D:2)
  An adder (D:2)
  2 worms (D:2)
  6 endoplasms
  2 giant cockroaches (D:1)
  6 goblins
  2 hobgoblins (D:1)
  4 kobolds (D:1)
  3 quokkas (D:1)
  5 ball pythons
  2 bats
  A frilled lizard (D:2)
  A rat (D:1)
37 creatures vanquished.

Vanquished Creatures (others)
  4 toadstools (D:1)
4 creatures vanquished.

Grand Total: 41 creatures vanquished

Notes
Turn   | Place    | Note
-------+----------+-------------------------------------------
     0 | D:1      | Dann the Demigod Air Elementalist began the quest for the
                  | Orb.
     0 | D:1      | Reached XP level 1. HP: 14/14 MP: 5/5
   511 | D:1      | Reached XP level 2. HP: 20/20 MP: 5/7
   516 | D:1      | Reached skill level 1 in Conjurations
   939 | D:1      | Reached skill level 3 in Air Magic
  1575 | D:2      | Noticed Terence
  1689 | D:2      | Reached XP level 3. HP: 11/26 MP: 0/9
  2123 | D:2      | Noticed Sigmund
  2540 | D:2      | Learned a level 2 spell: Static Discharge
  2949 | D:2      | Mangled by Sigmund

Illustrated notes

Levels and vault maps discovered:
D:1:      ldierk_walled_garden_2, layout_rooms,
          hellmonk_ecumenical_altar_pennies_from_heaven, serial_rivers,
          chequers_serial_rivers_small_3, chequers_serial_rivers_micro_e,
          chequers_serial_rivers_marsh, chequers_serial_rivers_small_3,
          chequers_serial_rivers_micro_e, chequers_serial_rivers_micro_a,
          minmay_tromino_i4
D:2:      layout_loops_ring, serial_aquarium, aquarium_bridge_square
          [aquarium_subvault_bridge, aquarium_subvault_window,
          aquarium_subvault_bridge, aquarium_subvault_wall],
          aquarium_bridge_straight [aquarium_subvault_bridge,
          aquarium_subvault_balcony, aquarium_subvault_bridge,
          aquarium_subvault_window], aquarium_window_fake, aquarium_window_2,
          aquarium_window_fake, aquarium_view_2a, aquarium_view_2d,
          uniq_sigmund, uniq_terence

Skill      XL: |  1  2  3 |
---------------+----------+-----
Spellcasting   | 2 |  2.6
Dodging        | 2 |  2.2
Conjurations   | 1 |  1.6
Air Magic      | 3 |  3.1
Stealth        | 2 |  2.0
Fighting       | |  0.2
Short Blades   | |  0.1

Action                   || total
-------------------------++-------
Melee: Unarmed           ||    15
       Short sword       ||     8
 Cast: Shock             ||    90
       Static Discharge  ||     8
Armor: Robe              ||     2
Dodge: Dodged            ||    25
